 Dungeon Crawl Stone Soup version 0.31.0-9-g3a7656b989 (webtiles) character file.

Game seed: 9588253795220202986

62509 qw the Markself (level 14, -1/90 HPs)
             Began as a Deep Elf Hunter on Feb 2, 2024.
             Was an Elder of Okawaru.
             Killed by divine providence
             ... invoked by a meliai
              (11 damage)
             ... on level 14 of the Dungeon.
             The game lasted 00:02:28 (16403 turns).

qw the Markself (Deep Elf Hunter)                  Turns: 16403, Time: 00:02:28

Health: -1/90      AC: 22    Str: 12    XL:     14   Next: 64%
Magic:  23/23      EV: 25    Int: 16    God:    Okawaru [****..]
Gold:   403        SH:  0    Dex: 20    Spells: 13/13 levels left

rFire   . . .        e - +2 longbow (elec)
rCold   . . .        (shield currently unavailable)
rNeg    . . .        a - +7 ring mail of the Frog {Str+2}
rPois   +            i - +2 helmet
rElec   .            w - scarf {repulsion}
rCorr   .            p - +1 pair of gloves {infuse}
SInv    .            t - +2 pair of boots
Will    +....        (no amulet)
Stlth   +            q - ring of poison resistance
HPRegen 0.35/turn    c - +5 ring of evasion
MPRegen 0.18/turn

%: repel missiles, infuse magic (1 MP)
@: about to teleport
A: no striking features
a: Renounce Religion, Heroism, Finesse


You were on level 14 of the Dungeon.
You worshipped Okawaru.
Okawaru was greatly pleased with you.
You visited 3 branches of the dungeon, and saw 20 of its levels.

You collected 1488 gold pieces.
You spent 1085 gold pieces at shops.


   Skills:
 - Level 11.0 Fighting
 - Level 20.0 Ranged Weapons
 - Level 6.0 Armour
 + Level 15.4 Dodging
 - Level 1.2 Stealth
 - Level 10.0 Invocations


You had 13 spell levels left.
You didn't know any spells.
Your spell library was empty.

Inventory:

Hand Weapons
 e - a +2 longbow of electrocution (weapon)
Armour
 a - the +7 ring mail of the Frog (worn) {Str+2}
   (You found it on level 2 of the Dungeon)

   Str+2:     It affects your strength (+2).
 d - a +2 cloak
 i - a +2 helmet (worn)
 p - a +1 pair of gloves of infusion (worn)
 t - a +2 pair of boots (worn)
 u - the +1 ring mail "Ocumaykk" {Rampage rF+ rC+}
   (You found it on level 3 of the Lair of Beasts)

   rF+:       It protects you from fire.
   rC+:       It protects you from cold.
   Rampage:   It bestows one free step when moving towards enemies.
 w - a scarf of repulsion (worn)
 B - the +10 scale mail of Rusoofaz {Harm}
   (You bought it in a shop on level 10 of the Dungeon)

   Harm:      It increases damage dealt and taken.
Jewellery
 c - a +5 ring of evasion (right hand)
 q - a ring of poison resistance (left hand)
 y - a +6 ring of strength
 A - a ring of willpower
 Y - a ring of protection from fire
Wands
 f - a wand of roots (11)
 j - a wand of polymorph (7)
 l - a wand of charming (16)
 m - a wand of digging (3)
 s - a wand of quicksilver (2)
 v - a wand of mindburst (11)
Scrolls
 b - 4 scrolls of identify
 x - a scroll of teleportation
Potions
 g - 5 potions of enlightenment
 h - 8 potions of heal wounds
 k - a potion of resistance
 n - 4 potions of haste
 o - 2 potions of might
 r - 7 potions of curing
 z - a potion of mutation

Dungeon Overview and Level Annotations

Branches:
Dungeon (14/15)            Temple (1/1) D:7            Lair (5/5) D:9
 Shoals (0/4) Lair:3       Spider (0/4) Lair:3        Slime (0/5) Lair:5
    Orc (0/2) D:10
 Vaults: D:13-14

Altars:
Ashenzari
Cheibriados
Dithmenos
Elyvilon
Fedhas
Gozag
Hepliaklqana
Kikubaaqudgha
Makhleb
Nemelex Xobeh
Okawaru
Qazlal
Ru
Sif Muna
Trog
Uskayaw
Vehumet
Wu Jian
Xom
Yredelemnul
Zin
The Shining One
Jiyva
Lugonu

Shops:
D:1 *   D:2 [:   D:10 ![

Portals:
Abyss: Lair:5

Annotations:
D:3 2 transporters
D:4 2 transporters, exclusion: 2 gnolls, qw's ghost, amateur DgHu
D:5 2 transporters, qw's ghost, novice GrHu
D:14 exclusion: deep elf pyromancer
Lair:1 3 runed translucent doors, qw's ghost, novice DEHu
Lair:2 1 runed translucent door, qw's ghost, journeyman GrHu
Lair:4 3 runed translucent doors, qw's ghost, journeyman DjHu


Message History

Enter note:
Enter note:
Enter note:
Enter note:
16399 ||| RETREEEEATING.
The meliai completely misses you. The meliai barely misses you.
The meliai misses you. The meliai barely misses you.
Enter note:
Enter note:
Enter note:
Enter note:
16400 ||| RETREEEEATING.
The meliai hits you with a +0 war axe! The meliai misses you.
The meliai closely misses you.
The meliai stings you but does no damage.
Enter note:
Enter note:
Enter note:
Enter note:
16401 ||| RETREEEEATING.
The meliai calls down the wrath of its god upon you.
Something smites you! The meliai completely misses you. The meliai misses you.
The meliai attacks as it pursues you! The meliai hits you but does no damage.
The meliai misses you. The meliai closely misses you. The meliai misses you.
Enter note:
Enter note:
Enter note:
Enter note:
16402 ||| RETREEEEATING.
The meliai invokes the aid of its god against you.
Something smites you! The meliai completely misses you.
The meliai barely misses you. The meliai misses you.
The meliai completely misses you.
16403 ||| READING 2 scrolls of teleportation.
As you read the scroll of teleportation, it crumbles to dust.
You feel strangely unstable. The meliai barely misses you.
The meliai completely misses you.
The meliai invokes the aid of its god against you.
Something smites you!
You die...

######.......# #..... #
#.>.....# #.... # #.......#
#.... ## #.......# #...
.#####.......# #..# #####
..#..........# #..#......
..#..........# #..'......
...#.........#######.C#......
...#............@yy...# ...c.
¤....##########'#yc...# C...
¤..#... ...)....#.....# ...
...#............#.....# ..
..#.............#.....# #
..####..........####.... .#.
........... #.#### .........
#.# ..#######


You could see a centaur warrior, a cyclops and 3 meliai.

Vanquished Creatures
  Jorgrun (D:12)
  Gastronok (D:9)
  Nessos (D:12)
  Snorg (D:13)
  2 hydras
  A catoblepas (D:9)
  An ironbound frostheart (D:14)
  5 boulder beetles
  2 two-headed ogres
  An anaconda (Lair:5)
  3 death yaks (D:9)
  4 thrashing horrors (Lair:5)
  Lodul (D:12)
  5 skeletal warriors (D:11)
  2 oklob plants (Lair:1)
  3 ugly things (Lair:5)
  4 manticores
  4 deep elf pyromancers
  3 cyclopes
  5 black mambas
  3 smoke demons (Lair:5)
  A water nymph (Lair:3)
  11 cane toads
  2 gargoyles
  A torpor snail (Lair:5)
  2 unseen horrors
  6 rime drakes
  7 komodo dragons
  3 kobold demonologists (D:10)
  An efreet (D:14)
  A troll (D:11)
  2 polar bears
  A merfolk (Lair:3)
  A hornet (D:10)
  20 blink frogs
  A raiju (Lair:5)
  A tarantella (shapeshifter) (Lair:5)
  A jumping spider (shapeshifter) (D:14)
  A spriggan (Lair:5)
  4 wraiths
  A spriggan (shapeshifter) (Lair:5)
  A centaur simulacrum (D:14)
  10 wyverns
  2 vampires
  2 humans (D:14)
  41 yaks
  12 basilisks
  A redback (Lair:3)
  Grum (D:8)
  7 vampire mosquitoes (D:12)
  A chaos spawn (Lair:5)
  A steam dragon (D:8)
  10 small abominations (Lair:5)
  2 acid dragons
  5 water moccasins
  Duvessa (D:7)
  5 orc warriors
  3 black bears
  11 ogres
  2 laughing skulls (D:14)
  11 wolves
  6 centaurs
  A phantom (D:5)
  3 kobold brigands (D:10)
  13 bullfrogs
  A brain worm (shapeshifter) (Lair:5)
  A gnoll sergeant (D:10)
  6 scorpions
  11 wights
  Dowan (D:7)
  A killer bee (shapeshifter) (D:13)
  12 killer bees
  3 electric eels
  5 howler monkeys
  2 bombardier beetles (D:4)
  2 hounds
  7 orc priests
  A gnoll bouda (D:6)
  2 jellies
  A sleepcap (D:6)
  10 orc wizards
  8 iguanas
  5 hell rats
  8 adders
  14 gnolls
  4 river rats (D:9)
  A white imp (D:8)
  A dart slug (D:9)
  2 ribbon worms (D:3)
  34 orcs
  5 bats (D:1)
  7 endoplasms
  3 giant cockroaches
  7 goblins
  8 hobgoblins
  11 jackals
  3 quokkas
  4 ball pythons
  3 frilled lizards
  17 kobolds
  4 rats
488 creatures vanquished.

Vanquished Creatures (others)
  A kobold demonologist (D:10)
1 creature vanquished.

Grand Total: 489 creatures vanquished

Notes
Turn   | Place    | Note
-------+----------+-------------------------------------------
     0 | D:1      | qw the Deep Elf Hunter began the quest for the Orb.
     0 | D:1      | Reached XP level 1. HP: 12/12 MP: 3/3
     0 | D:1      | 0 ||| qw: Version: 0.3-a-155-g5e7d8dd
     0 | D:1      | 0 ||| qw: Game counter: 861
     0 | D:1      | 0 ||| qw: Melee chars always use a shield: true
     0 | D:1      | 0 ||| qw: God list: Okawaru
     0 | D:1      | 0 ||| qw: Allow faded altars: false
     0 | D:1      | 0 ||| qw: Do Orc after clearing Dungeon:15 true
     0 | D:1      | 0 ||| qw: Do second Lair branch before Depths: true
     0 | D:1      | 0 ||| qw: Lair rune preference: random
     0 | D:1      | 0 ||| qw: Goals: Normal
     0 | D:1      | 0 ||| PLANNING D:1-11
   137 | D:1      | Reached skill level 6 in Ranged Weapons
   137 | D:1      | Reached XP level 2. HP: 13/16 MP: 4/4
   261 | D:1      | Found a faded altar of an unknown god.
   321 | D:1      | Found Cowijegu's General Store.
   325 | D:1      | 325 ||| SHOPLISTING +0 ring mail (44 gold, have 21).
   325 | D:1      | 325 ||| SHOPLISTING amulet of the acrobat (330 gold, have
                  | 21).
   325 | D:1      | 325 ||| SHOPLISTING wand of mindburst (10) (154 gold, have
                  | 21).
   669 | D:1      | 669 ||| UPGRADING to +0 cloak.
   674 | D:1      | 674 ||| READING scroll labelled XIROTEJUAH.
   674 | D:1      | Identified a scroll of acquirement
   674 | D:1      | 674 ||| ACQUIRING +0 longbow of electrocution
   674 | D:1      | Acquired a +0 longbow of electrocution
   676 | D:1      | 676 ||| SWAPPING to +0 longbow of electrocution.
   677 | D:1      | 677 ||| DROPPING +0 shortbow.
   678 | D:1      | 678 ||| READING scroll labelled PIERPH FI POINE.
   679 | D:1      | 679 ||| READING scroll labelled XONWAKH TOUBET.
   680 | D:1      | 680 ||| DROPPING scroll of butterflies.
   708 | D:2      | Identified the +7 ring mail of the Frog {Str+2}
   769 | D:2      | Reached XP level 3. HP: 20/20 MP: 5/5
   771 | D:2      | Reached skill level 7 in Ranged Weapons
   898 | D:2      | Reached XP level 4. HP: 23/25 MP: 6/6
  1010 | D:2      | Found Vywkinkes's Armour Emporium.
  1025 | D:2      | Found Sydu's Book Emporium.
  1066 | D:2      | 1066 ||| SHOPLISTING +2 pair of gloves of hurling (279
                  | gold, have 91).
  1066 | D:2      | 1066 ||| SHOPLISTING +2 scale mail of fire resistance (273
                  | gold, have 91).
  1066 | D:2      | 1066 ||| SHOPLISTING scarf of repulsion (156 gold, have
                  | 91).
  1470 | D:2      | 1470 ||| UPGRADING to +7 ring mail of the Frog {Str+2}.
  1480 | D:2      | 1480 ||| DROPPING +0 leather armour.
  1481 | D:2      | 1481 ||| UPGRADING to ring of protection from fire.
  1482 | D:2      | 1482 ||| READING scroll labelled UBRIRONAQA.
  1482 | D:2      | 1482 ||| ENCHANTING +0 longbow of electrocution.
  1483 | D:2      | 1483 ||| READING scroll labelled LUYLOIQ NAPEY.
  1483 | D:2      | 1483 ||| IDENTIFYING sapphire potion
  1484 | D:2      | 1484 ||| READING 2 scrolls labelled ZATYAZX PALU.
  1485 | D:2      | 1485 ||| DROPPING scroll of amnesia.
  1572 | D:3      | Found a transporter.
  1584 | D:3      | Found a transporter.
  1640 | D:3      | You fall into a shaft and drop 1 floor!
  1692 | D:4      | 1692 ||| UPGRADING to +0 helmet.
  1697 | D:4      | 1697 ||| READING scroll of identify.
  1697 | D:4      | 1697 ||| IDENTIFYING bubbling pink potion
  1698 | D:4      | 1698 ||| READING scroll labelled PUDEUM INOROYTZ.
  1799 | D:4      | 1799 ||| READING scroll labelled CAKOCWETAI.
  1799 | D:4      | 1799 ||| ENCHANTING +0 helmet.
  1830 | D:3      | Reached skill level 8 in Ranged Weapons
  1842 | D:3      | Found a burning altar of Makhleb.
  2148 | D:3      | 2148 ||| RETREEEEATING.
  2150 | D:3      | 2150 ||| DRINKING potion of curing.
  2150 | D:3      | 2150 ||| (to cure confusion)
  2165 | D:3      | Reached XP level 5. HP: 29/29 MP: 7/7
  2373 | D:3      | 2373 ||| READING scroll of identify.
  2373 | D:3      | 2373 ||| IDENTIFYING pink potion
  2374 | D:3      | 2374 ||| READING scroll labelled LUGAFOTRUO.
  2375 | D:3      | 2375 ||| DRINKING 2 metallic dark potions.
  2376 | D:3      | 2376 ||| DROPPING potion of brilliance.
  2454 | D:4      | Reached skill level 9 in Ranged Weapons
  2465 | D:4      | 2465 ||| READING scroll of enchant armour.
  2465 | D:4      | 2465 ||| ENCHANTING +1 helmet.
  2503 | D:4      | Reached XP level 6. HP: 35/35 MP: 8/8
  2529 | D:4      | Reached skill level 1 in Armour
  2597 | D:4      | Found a radiant altar of Vehumet.
  2678 | D:4      | Found a hide-covered altar of Uskayaw.
  2733 | D:4      | Noticed qw's ghost (amateur DgHu)
  2734 | D:4      | Found a transporter.
  2734 | D:4      | Identified the +5 giant spiked club of the Priest {elec,
                  | Will++ Dex+3}
  2752 | D:4      | Reached skill level 3 in Dodging
  2778 | D:4      | Found a transporter.
  3035 | D:4      | Found a glowing golden altar of the Shining One.
  3042 | D:4      | 3042 ||| UPGRADING to +5 ring of evasion.
  3067 | D:5      | Entered Level 5 of the Dungeon
  3070 | D:5      | 3070 ||| STAIRDANCE
  3077 | D:4      | Reached skill level 10 in Ranged Weapons
  3081 | D:5      | Reached XP level 7. HP: 36/40 MP: 9/9
  3192 | D:5      | 3192 ||| READING scroll of enchant weapon.
  3192 | D:5      | 3192 ||| ENCHANTING +1 longbow of electrocution.
  3252 | D:5      | Reached skill level 11 in Ranged Weapons
  3260 | D:5      | Found a bloodstained altar of Trog.
  3349 | D:5      | Noticed a yak
  3495 | D:5      | Reached skill level 12 in Ranged Weapons
  3508 | D:5      | Found a transporter.
  3508 | D:5      | Found a transporter.
  3553 | D:5      | Reached XP level 8. HP: 44/44 MP: 10/10
  3592 | D:5      | Identified the +8 trident of Pujoiholl {pain, *Noise Fly
                  | rCorr Int+3}
  3603 | D:5      | Noticed qw's ghost (novice GrHu)
  3669 | D:5      | Reached skill level 3 in Fighting
  3727 | D:5      | 3727 ||| READING 2 scrolls labelled HOWKEW ARAE.
  3828 | D:5      | 3828 ||| DROPPING scroll of vulnerability.
  3903 | D:6      | 3903 ||| READING scroll of enchant armour.
  3903 | D:6      | 3903 ||| ENCHANTING +0 cloak.
  3947 | D:6      | Identified the +1 war axe of Juimuen {freeze, rN+ Will+
                  | Int-2}
  4001 | D:6      | Reached skill level 13 in Ranged Weapons
  4309 | D:6      | 4309 ||| DRINKING 3 viscous puce potions.
  4349 | D:6      | 4349 ||| DROPPING 2 potions of lignification.
  4508 | D:7      | Found a flagged portal.
  4530 | D:7      | Found a staircase to the Ecumenical Temple.
  4531 | D:7      | 4531 ||| PLANNING TEMPLE
  4533 | D:7      | Reached skill level 14 in Ranged Weapons
  4538 | Temple   | Entered the Ecumenical Temple
  4539 | Temple   | 4539 ||| PLANNING OKAWARU WORSHIP
  4548 | Temple   | Became a worshipper of Warmaster Okawaru
  4549 | Temple   | 4549 ||| PLANNING D:1-11
  4607 | D:7      | Found a blossoming altar of Fedhas.
  4661 | D:7      | Noticed Duvessa
  4662 | D:7      | Noticed Dowan
  4665 | D:7      | 4665 ||| RETREEEEATING.
  4671 | D:7      | Killed Duvessa
  4672 | D:7      | Reached XP level 9. HP: 50/50 MP: 11/11
  4678 | D:7      | 4678 ||| RETREEEEATING.
  4678 | D:7      | Noticed a gargoyle
  4679 | D:7      | 4679 ||| RETREEEEATING.
  4680 | D:7      | 4680 ||| RETREEEEATING.
  4681 | D:7      | 4681 ||| RETREEEEATING.
  4684 | D:7      | 4684 ||| RETREEEEATING.
  4685 | D:7      | 4685 ||| RETREEEEATING.
  4688 | D:7      | Killed Dowan
  4701 | D:7      | Killed a gargoyle
  4701 | D:7      | Reached * piety under Okawaru
  4702 | D:7      | Reached skill level 15 in Ranged Weapons
  5352 | D:7      | 5352 ||| UPGRADING to ring of poison resistance.
  5354 | D:7      | 5354 ||| DRINKING 2 grey potions.
  5433 | D:8      | Reached skill level 1 in Invocations
  5477 | D:8      | Identified the +1 battleaxe "Mutogg" {drain, rPois rN+}
  5484 | D:8      | Reached skill level 6 in Dodging
  5490 | D:8      | Found a shadowy altar of Dithmenos.
  5551 | D:8      | Found a stormy altar of Qazlal.
  5561 | D:8      | Found a broken altar of Ashenzari.
  5605 | D:8      | Noticed Grum
  5613 | D:8      | Killed Grum
  5614 | D:8      | Reached skill level 3 in Invocations
  5725 | D:8      | Reached ** piety under Okawaru
  5823 | D:8      | Found a shimmering altar of Xom.
  5968 | D:8      | 5968 ||| DRINKING 2 metallic inky potions.
  5969 | D:8      | 5969 ||| DROPPING potion of degeneration.
  6126 | D:9      | Reached skill level 16 in Ranged Weapons
  6142 | D:9      | Noticed a death yak
  6143 | D:9      | 6143 ||| INVOKING Heroism.
  6151 | D:9      | Killed a death yak
  6152 | D:9      | Reached skill level 3 in Armour
  6152 | D:9      | Reached XP level 10. HP: 56/56 MP: 13/15
  6152 | D:9      | Noticed a death yak
  6155 | D:9      | Noticed a death yak
  6167 | D:9      | Killed a death yak
  6171 | D:9      | Reached *** piety under Okawaru
  6175 | D:9      | 6175 ||| INVOKING Heroism.
  6180 | D:9      | Killed a death yak
  6181 | D:9      | Reached skill level 17 in Ranged Weapons
  6193 | D:9      | Found a staircase to the Lair.
  6218 | D:9      | Identified the +1 tower shield "Raaqiocs" {Str+4}
  6300 | D:9      | Noticed Gastronok
  6301 | D:9      | 6301 ||| INVOKING Heroism.
  6310 | D:9      | Killed Gastronok
  6310 | D:9      | Reached **** piety under Okawaru
  6311 | D:9      | Reached skill level 18 in Ranged Weapons
  6357 | D:9      | 6357 ||| RETREEEEATING.
  6378 | D:9      | Reached XP level 11. HP: 62/62 MP: 16/16
  6427 | D:9      | Found a snail-covered altar of Cheibriados.
  6434 | D:9      | Noticed a two-headed ogre
  6435 | D:9      | 6435 ||| INVOKING Finesse.
  6440 | D:9      | Killed a two-headed ogre
  6583 | D:9      | 6583 ||| DRINKING 3 potions of curing.
  6583 | D:9      | 6583 ||| (to cure confusion)
  6620 | D:9      | 6620 ||| PLANNING LAIR
  6620 | D:9      | 6620 ||| READING 2 scrolls of identify.
  6620 | D:9      | 6620 ||| IDENTIFYING glowing inky potion
  6621 | D:9      | 6621 ||| READING scroll of identify.
  6621 | D:9      | 6621 ||| IDENTIFYING smoky orange potion
  6622 | D:9      | 6622 ||| DROPPING potion of berserk rage.
  6672 | Lair:1   | Entered Level 1 of the Lair of Beasts
  6765 | Lair:1   | Found a runed translucent gate.
  6765 | Lair:1   | Found a runed translucent gate.
  6766 | Lair:1   | Found a runed translucent gate.
  6785 | Lair:1   | Reached skill level 6 in Invocations
  6788 | Lair:1   | 6788 ||| RETREEEEATING.
  6830 | Lair:1   | Reached ***** piety under Okawaru
  6849 | Lair:1   | 6849 ||| READING scroll of enchant armour.
  6849 | Lair:1   | 6849 ||| ENCHANTING +1 cloak.
  7053 | Lair:1   | Noticed qw's ghost (novice DEHu)
  7080 | Lair:1   | Reached skill level 19 in Ranged Weapons
  7197 | Lair:1   | Found a blossoming altar of Fedhas.
  7200 | Lair:1   | Noticed an oklob plant
  7201 | Lair:1   | 7201 ||| INVOKING Finesse.
  7207 | Lair:1   | Killed an oklob plant
  7236 | Lair:1   | Noticed an oklob plant
  7237 | Lair:1   | 7237 ||| INVOKING Finesse.
  7244 | Lair:1   | Killed an oklob plant
  7499 | Lair:1   | 7499 ||| READING scroll of identify.
  7499 | Lair:1   | 7499 ||| IDENTIFYING coppery potion
  7524 | Lair:2   | 7524 ||| RETREEEEATING.
  7526 | Lair:2   | 7526 ||| RETREEEEATING.
  7540 | Lair:2   | 7540 ||| FLEEEEING.
  7541 | Lair:2   | 7541 ||| FLEEEEING.
  7542 | Lair:2   | HP: 12/63 [electric eel/bolt of electricity (5)]
  7543 | Lair:2   | 7543 ||| DRINKING 6 potions of heal wounds.
  7644 | Lair:2   | Identified the +4 ring mail "Okebut" {rN+}
  7672 | Lair:2   | 7672 ||| RETREEEEATING.
  7674 | Lair:2   | 7674 ||| RETREEEEATING.
  7675 | Lair:2   | 7675 ||| RETREEEEATING.
  7676 | Lair:2   | 7676 ||| RETREEEEATING.
  7677 | Lair:2   | 7677 ||| RETREEEEATING.
  7678 | Lair:2   | 7678 ||| RETREEEEATING.
  7679 | Lair:2   | 7679 ||| RETREEEEATING.
  7680 | Lair:2   | 7680 ||| RETREEEEATING.
  7681 | Lair:2   | 7681 ||| RETREEEEATING.
  7682 | Lair:2   | 7682 ||| INVOKING Finesse.
  7779 | Lair:2   | Found a runed translucent door.
  7841 | Lair:2   | Reached skill level 9 in Invocations
  7949 | Lair:2   | Identified the +5 ring mail "Weptiono" {^Contam +Inv rCorr
                  | Str+4}
  8000 | Lair:2   | Reached XP level 12. HP: 68/68 MP: 20/20
  8011 | Lair:2   | 8011 ||| RETREEEEATING.
  8012 | Lair:2   | 8012 ||| RETREEEEATING.
  8013 | Lair:2   | 8013 ||| RETREEEEATING.
  8014 | Lair:2   | 8014 ||| RETREEEEATING.
  8015 | Lair:2   | 8015 ||| RETREEEEATING.
  8016 | Lair:2   | 8016 ||| RETREEEEATING.
  8024 | Lair:2   | Received a gift from Okawaru
  8191 | Lair:2   | 8191 ||| RETREEEEATING.
  8192 | Lair:2   | 8192 ||| RETREEEEATING.
  8193 | Lair:2   | 8193 ||| RETREEEEATING.
  8194 | Lair:2   | 8194 ||| RETREEEEATING.
  8195 | Lair:2   | 8195 ||| RETREEEEATING.
  8196 | Lair:2   | 8196 ||| RETREEEEATING.
  8209 | Lair:2   | 8209 ||| RETREEEEATING.
  8210 | Lair:2   | 8210 ||| RETREEEEATING.
  8591 | Lair:2   | Noticed qw's ghost (journeyman GrHu)
  8621 | Lair:2   | 8621 ||| DROPPING +4 ring mail "Okebut" {rN+}.
  8622 | Lair:2   | 8622 ||| DROPPING +5 ring mail "Weptiono" {^Contam +Inv
                  | rCorr Str+4}.
  8623 | Lair:2   | 8623 ||| UPGRADING to +0 pair of boots.
  8628 | Lair:2   | 8628 ||| READING scroll labelled APSEPP RUESHROZ.
  8648 | Lair:3   | Reached skill level 20 in Ranged Weapons
  8790 | Lair:3   | Found an opulent altar of Gozag.
  9021 | Lair:3   | Received a gift from Okawaru
  9023 | Lair:3   | Found a staircase to the Shoals.
  9068 | Lair:3   | Reached skill level 6 in Fighting
  9152 | Lair:3   | Found a hole to the Spider Nest.
  9233 | Lair:3   | Identified the +1 ring mail "Ocumaykk" {Rampage rF+ rC+}
  9434 | Lair:3   | 9434 ||| READING 2 scrolls of identify.
  9434 | Lair:3   | 9434 ||| IDENTIFYING 2 smoky blue potions
  9435 | Lair:3   | 9435 ||| READING scroll of identify.
  9435 | Lair:3   | 9435 ||| IDENTIFYING 2 sedimented puce potions
  9436 | Lair:3   | 9436 ||| DROPPING 2 potions of ambrosia.
  9488 | Lair:4   | 9488 ||| INVOKING Finesse.
  9489 | Lair:4   | 9489 ||| INVOKING Heroism.
  9566 | Lair:4   | Reached skill level 9 in Dodging
  9721 | Lair:4   | 9721 ||| RETREEEEATING.
  9724 | Lair:4   | 9724 ||| RETREEEEATING.
  9725 | Lair:4   | 9725 ||| RETREEEEATING.
  9726 | Lair:4   | 9726 ||| RETREEEEATING.
  9727 | Lair:4   | 9727 ||| RETREEEEATING.
  9728 | Lair:4   | 9728 ||| RETREEEEATING.
  9729 | Lair:4   | 9729 ||| RETREEEEATING.
  9730 | Lair:4   | 9730 ||| RETREEEEATING.
  9731 | Lair:4   | 9731 ||| RETREEEEATING.
  9732 | Lair:4   | 9732 ||| RETREEEEATING.
  9733 | Lair:4   | 9733 ||| RETREEEEATING.
  9734 | Lair:4   | 9734 ||| RETREEEEATING.
  9735 | Lair:4   | 9735 ||| RETREEEEATING.
  9736 | Lair:4   | 9736 ||| RETREEEEATING.
  9737 | Lair:4   | 9737 ||| RETREEEEATING.
  9740 | Lair:4   | 9740 ||| RETREEEEATING.
  9741 | Lair:4   | 9741 ||| RETREEEEATING.
  9829 | Lair:4   | Noticed a minotaur
  9829 | Lair:4   | Noticed qw's ghost (journeyman DjHu)
  9830 | Lair:4   | Noticed an eight-headed hydra
 10120 | Lair:4   | Found a runed translucent gate.
 10120 | Lair:4   | Found a runed translucent gate.
 10120 | Lair:4   | Found a runed translucent gate.
 10401 | Lair:5   | Entered Level 5 of the Lair of Beasts
 10401 | Lair:5   | Noticed a boulder beetle
 10402 | Lair:5   | 10402 ||| INVOKING Finesse.
 10410 | Lair:5   | Killed a boulder beetle
 10483 | Lair:5   | Identified the +5 mace "Muizxeakk" {freeze, rN+ Will+}
 10495 | Lair:5   | Found a staircase to the Slime Pits.
 10495 | Lair:5   | Found a viscous altar of Jiyva.
 10547 | Lair:5   | Received a gift from Okawaru
 10735 | Lair:5   | 10735 ||| RETREEEEATING.
 10741 | Lair:5   | 10741 ||| INVOKING Finesse.
 10760 | Lair:5   | 10760 ||| INVOKING Heroism.
 10798 | Lair:5   | Reached XP level 13. HP: 50/78 MP: 18/22
 10813 | Lair:5   | 10813 ||| INVOKING Finesse.
 10831 | Lair:5   | HP: 19/78 [manticore/volley of spikes (13)]
 10832 | Lair:5   | 10832 ||| DRINKING 6 potions of heal wounds.
 10969 | Lair:5   | 10969 ||| RETREEEEATING.
 10970 | Lair:5   | 10970 ||| RETREEEEATING.
 10971 | Lair:5   | 10971 ||| RETREEEEATING.
 10972 | Lair:5   | 10972 ||| RETREEEEATING.
 10973 | Lair:5   | 10973 ||| RETREEEEATING.
 10974 | Lair:5   | 10974 ||| RETREEEEATING.
 10975 | Lair:5   | 10975 ||| RETREEEEATING.
 10976 | Lair:5   | 10976 ||| RETREEEEATING.
 10977 | Lair:5   | 10977 ||| RETREEEEATING.
 10978 | Lair:5   | 10978 ||| RETREEEEATING.
 10979 | Lair:5   | 10979 ||| RETREEEEATING.
 10980 | Lair:5   | 10980 ||| STAIRDANCE
 11149 | Lair:5   | 11149 ||| DRINKING 2 potions of cancellation.
 11164 | Lair:5   | 11164 ||| RETREEEEATING.
 11165 | Lair:5   | 11165 ||| RETREEEEATING.
 11253 | Lair:5   | Reached skill level 9 in Fighting
 11394 | Lair:5   | Received a gift from Okawaru
 11443 | Lair:5   | 11443 ||| Stepping ~*~*~tactically~*~*~ (cloud).
 11450 | Lair:5   | Reached skill level 12 in Dodging
 11636 | Lair:5   | 11636 ||| RETREEEEATING.
 11856 | Lair:5   | 11856 ||| INVOKING Finesse.
 12060 | Lair:5   | 12060 ||| UPGRADING to scarf of repulsion.
 12193 | Lair:5   | 12193 ||| INVOKING Finesse.
 12417 | Lair:5   | Found a corrupted altar of Lugonu.
 12417 | Lair:5   | Found a one-way gate to the infinite horrors of the Abyss.
 12433 | Lair:5   | Identified the +1 robe of Qoyzerybb {Dex+5}
 12434 | Lair:5   | 12434 ||| PLANNING D:1-11
 12434 | Lair:5   | 12434 ||| READING 4 scrolls of identify.
 12434 | Lair:5   | 12434 ||| IDENTIFYING purple potion
 12435 | Lair:5   | 12435 ||| READING 3 scrolls of identify.
 12435 | Lair:5   | 12435 ||| IDENTIFYING scroll labelled XACHIO ATSET
 12436 | Lair:5   | 12436 ||| READING 2 scrolls of identify.
 12436 | Lair:5   | 12436 ||| IDENTIFYING 2 scrolls labelled ECSUMI MAYMU
 12437 | Lair:5   | 12437 ||| DROPPING 2 scrolls of immolation.
 12598 | D:10     | Entered Level 10 of the Dungeon
 12604 | D:10     | 12604 ||| STAIRDANCE
 12610 | D:9      | 12610 ||| DRINKING potion of cancellation.
 12611 | D:9      | 12611 ||| Stepping ~*~*~tactically~*~*~ (cloud).
 12754 | D:10     | Found a sacrificial altar of Ru.
 12990 | D:10     | 12990 ||| RETREEEEATING.
 12992 | D:10     | 12992 ||| RETREEEEATING.
 13105 | D:10     | Found a glowing silver altar of Zin.
 13106 | D:10     | Found a staircase to the Orcish Mines.
 13129 | D:10     | Received a gift from Okawaru
 13570 | D:10     | Found Mualis's Antique Armour Boutique.
 13577 | D:10     | 13577 ||| BUYING pair of embroidered gloves (217 gold).
 13577 | D:10     | Bought a pair of embroidered gloves for 217 gold pieces
 13577 | D:10     | 13577 ||| BUYING pair of runed boots (217 gold).
 13577 | D:10     | Bought a pair of runed boots for 217 gold pieces
 13577 | D:10     | 13577 ||| BUYING warped scale mail (261 gold).
 13577 | D:10     | Bought a warped scale mail for 261 gold pieces
 13577 | D:10     | Identified the +10 scale mail of Rusoofaz {Harm} (You
                  | bought it in a shop on level 10 of the Dungeon)
 13747 | D:10     | Found Qeibec's Distillery.
 13756 | D:10     | 13756 ||| BUYING 2 potions of heal wounds (130 gold).
 13756 | D:10     | Bought 2 potions of heal wounds for 130 gold pieces
 13756 | D:10     | 13756 ||| BUYING potion of curing (39 gold).
 13756 | D:10     | Bought a potion of curing for 39 gold pieces
 13756 | D:10     | 13756 ||| BUYING potion of curing (39 gold).
 13756 | D:10     | Bought a potion of curing for 39 gold pieces
 13756 | D:10     | 13756 ||| BUYING potion of enlightenment (65 gold).
 13756 | D:10     | Bought a potion of enlightenment for 65 gold pieces
 13756 | D:10     | 13756 ||| BUYING potion of heal wounds (65 gold).
 13756 | D:10     | Bought a potion of heal wounds for 65 gold pieces
 13756 | D:10     | 13756 ||| BUYING potion of might (52 gold).
 13756 | D:10     | Bought a potion of might for 52 gold pieces
 13756 | D:10     | 13756 ||| SHOPLISTING potion of mutation (104 gold, have
                  | 74).
 13823 | D:10     | Found a hazy altar of Hepliaklqana.
 14016 | D:10     | 14016 ||| UPGRADING to +0 pair of gloves of infusion.
 14021 | D:10     | 14021 ||| UPGRADING to +2 pair of boots.
 14031 | D:10     | 14031 ||| DROPPING +0 pair of boots.
 14113 | D:11     | 14113 ||| RETREEEEATING.
 14115 | D:11     | 14115 ||| RETREEEEATING.
 14117 | D:11     | Reached XP level 14. HP: 73/88 MP: 23/23
 14118 | D:11     | 14118 ||| RETREEEEATING.
 14119 | D:11     | 14119 ||| RETREEEEATING.
 14121 | D:11     | 14121 ||| RETREEEEATING.
 14122 | D:11     | 14122 ||| RETREEEEATING.
 14127 | D:11     | 14127 ||| INVOKING Finesse.
 14180 | D:11     | 14180 ||| FLEEEEING.
 14181 | D:11     | 14181 ||| STAIRDANCE
 14368 | D:11     | 14368 ||| READING scroll of enchant armour.
 14368 | D:11     | 14368 ||| ENCHANTING +0 pair of gloves of infusion.
 14670 | D:11     | 14670 ||| PLANNING D
 14670 | D:11     | 14670 ||| READING 2 scrolls of identify.
 14670 | D:11     | 14670 ||| IDENTIFYING scroll labelled YJISMO ZUAF
 14671 | D:11     | 14671 ||| DROPPING scroll of poison.
 14679 | D:12     | Noticed Nessos
 14687 | D:12     | 14687 ||| INVOKING Finesse.
 14690 | D:12     | Killed Nessos
 14700 | D:12     | Reached skill level 6 in Armour
 14751 | D:12     | Noticed Jorgrun
 14752 | D:12     | 14752 ||| INVOKING Finesse.
 14760 | D:12     | Killed Jorgrun
 14762 | D:12     | 14762 ||| Stepping randomly (disturbance).
 14763 | D:12     | 14763 ||| Stepping randomly (disturbance).
 14903 | D:12     | Noticed Lodul
 14904 | D:12     | 14904 ||| RETREEEEATING.
 14905 | D:12     | 14905 ||| RETREEEEATING.
 14906 | D:12     | 14906 ||| ZAPPING wand of quicksilver (5) at -6,-7 (Lodul;
                  | floor).
 14908 | D:12     | 14908 ||| RETREEEEATING.
 14909 | D:12     | 14909 ||| RETREEEEATING.
 14923 | D:12     | 14923 ||| ZAPPING wand of quicksilver (4) at -2,-1 (Lodul;
                  | floor).
 14924 | D:12     | 14924 ||| ZAPPING wand of quicksilver (3) at -2,0 (Lodul;
                  | floor).
 14925 | D:12     | 14925 ||| INVOKING Finesse.
 14929 | D:12     | Killed Lodul
 15091 | D:12     | Reached skill level 15 in Dodging
 15092 | D:12     | Received a gift from Okawaru
 15378 | D:12     | 15378 ||| DROPPING amulet of magic regeneration.
 15556 | D:13     | Noticed Snorg
 15562 | D:13     | 15562 ||| INVOKING Finesse.
 15563 | D:13     | 15563 ||| INVOKING Heroism.
 15566 | D:13     | Killed Snorg
 16047 | D:14     | 16047 ||| RETREEEEATING.
 16048 | D:14     | 16048 ||| RETREEEEATING.
 16052 | D:14     | 16052 ||| RETREEEEATING.
 16056 | D:14     | 16056 ||| RETREEEEATING.
 16057 | D:14     | 16057 ||| RETREEEEATING.
 16059 | D:14     | 16059 ||| RETREEEEATING.
 16078 | D:14     | 16078 ||| INVOKING Finesse.
 16079 | D:14     | 16079 ||| INVOKING Heroism.
 16205 | D:14     | Found an ornate altar of the Wu Jian Council.
 16394 | D:14     | 16394 ||| RETREEEEATING.
 16399 | D:14     | 16399 ||| RETREEEEATING.
 16400 | D:14     | 16400 ||| RETREEEEATING.
 16401 | D:14     | 16401 ||| RETREEEEATING.
 16402 | D:14     | 16402 ||| RETREEEEATING.
 16402 | D:14     | HP: 10/90 [meliai/divine providence (14)]
 16403 | D:14     | 16403 ||| READING 2 scrolls of teleportation.
 16403 | D:14     | Killed from afar by a meliai

Levels and vault maps discovered:
D:1:      dpeg_arrival_chambers_temple_mockup, layout_loops_ring, serial_shops,
          nicolae_shop_pleasant_corner_grove,
          shapermc_ecumenical_altar_starsandcircs
D:2:      minmay_evil_eye, layout_loops_ring, serial_shops,
          nicolae_book_shop_shelving, nicolae_shop_tiny_waterfront,
          chequers_arboretum, nicolae_grassy_gnolls
D:3:      gammafunk_steamed_eel, layout_basic,
          mainiacjoe_overflow_small_starburst
D:4:      layout_basic, lemuel_crystal_altar, kennysheep_mini_moat,
          mainiacjoe_overflow_alcove_2, serial_rivers,
          chequers_serial_rivers_micro_e, chequers_serial_rivers_room_a,
          chequers_serial_rivers_marsh, chequers_serial_rivers_micro_d,
          gammafunk_ghost_smash, minmay_misc_feat_roman
D:5:      layout_rooms, mainiacjoe_overflow_24_doors,
          gammafunk_ghost_gnarly_gnolls, lightli_corner_chamber
D:6:      layout_cave_pools, grunt_ministairs_1
D:7:      layout_basic, mainiacjoe_overflow_catwalk, minmay_temple_entry_hall,
          enter_bailey_5, uniq_duvessa
D:8:      layout_rooms, amcnicky_altar_gilded,
          mainiacjoe_overflow_six_doors_small, amethyst_overflow_temple_binary,
          uniq_grum
D:9:      layout_roguey, kennysheep_slug_shrine, dpeg_lair_monsters,
          uniq_gastronok
D:10:     nzn_motion_control, layout_basic, mainiacjoe_overflow_boulevard,
          minitemple, minmay_orc_entry_temple_small, serial_shops, shop,
          minmay_shop_grid_forest, water_maze_lemuel
D:11:     layout_cave_pools
D:12:     layout_cross, uniq_jorgrun, uniq_nessos, uniq_lodul
D:13:     layout_loops_ring, uniq_snorg
D:14:     cheibrodos_lost_city_excavation, layout_irregular_city,
          hellmonk_vaults_keyhole, nicolae_wu_jian_wuxing_cycle
Temple:   hellmonk_temple_rainy
Lair:1:   layout_chaotic_city, gammafunk_ghost_icy, hangedman_tree_tricks
Lair:2:   layout_chaotic_city, ebering_ghost_reflecting_pool,
          patterned_corridor, infiniplex_staircase_pool
Lair:3:   layout_loops_ring, nicolae_shoals_entry_flooding,
          spider_nest_entry_webs, lemuel_centaur_altar
Lair:4:   layout_cave_pods, maelrawn_ghost_gauntlet_escape
Lair:5:   hellmonk_lair_end_abyssal_woods, layout_gridlike,
          nicolae_slime_entry_field_trip, special_room
          [special_room_mythical_zoo], minmay_shattered_shrine

Skill      XL: |  1  2  3  4  5  6  7  8  9 10 11 12 13 14 |
---------------+-------------------------------------------+-----
Ranged Weapons | 6 7 8 9 10 12 14 16 18 19 20 | 20.0
Fighting       | 2 3 4 5 7 10 11 | 11.0
Armour         | 1 3 4 5 6 |  6.0
Dodging        | 3 4 5 6 7 8 10 13 15 | 15.4
Invocations    | 4 9 10 | 10.0
Stealth        | |  1.2

Action                     |  1- 3 |  4- 6 |  7- 9 | 10-12 | 13-15 || total
---------------------------+-------+-------+-------+-------+-------++-------
   Fire: Shortbow          |    47 |       |       |       |       ||    47
         Longbow           |    29 |   115 |   213 |   545 |   724 ||  1626
 Invoke: Heroism           |       |       |     1 |     4 |     2 ||     7
         Finesse           |       |       |       |     7 |     9 ||    16
  Evoke: Wand              |       |       |       |       |     3 ||     3
    Use: Scroll            |     3 |     9 |     3 |     7 |     6 ||    28
         Potion            |       |     2 |     3 |     2 |     3 ||    10
 Armour: Leather armour    |    15 |     1 |       |       |       ||    16
         Ring mail         |       |    26 |    28 |   100 |   162 ||   316
  Dodge: Dodged            |    16 |    31 |    59 |   214 |   275 ||   595
         Repelled          |       |       |       |       |     4 ||     4

Table legend:
 A = Non-vault XP
 B = Vault XP
 C = Vault XP percentage of total XP
 D = Non-vault monster count
 E = Vault monster count
 F = Vault count percentage of total count
                 A         B        C        D         E       F
            +---------+---------+-------+---------+---------+-------
      Total |   50254 |   39045 |  43.7 |     349 |     140 |  28.6
            +---------+---------+-------+---------+---------+-------
        D:1 |      34 |       0 |   0.0 |      20 |       0 |   0.0
        D:2 |      36 |      45 |  55.6 |      15 |       5 |  25.0
        D:3 |     122 |       0 |   0.0 |      23 |       0 |   0.0
        D:4 |     462 |       0 |   0.0 |      19 |       0 |   0.0
        D:5 |     934 |       0 |   0.0 |      14 |       0 |   0.0
        D:6 |     588 |      71 |  10.8 |      15 |       2 |  11.8
        D:7 |    1062 |     216 |  16.9 |      12 |       6 |  33.3
        D:8 |     832 |     541 |  39.4 |      19 |       4 |  17.4
        D:9 |    3409 |    4850 |  58.7 |      35 |      14 |  28.6
       D:10 |    3455 |     924 |  21.1 |      38 |       9 |  19.1
       D:11 |    6058 |       0 |   0.0 |      13 |       0 |   0.0
       D:12 |    5550 |    4752 |  46.1 |      16 |      12 |  42.9
       D:13 |    2431 |     956 |  28.2 |       5 |       1 |  16.7
       D:14 |    1692 |    4184 |  71.2 |       5 |       8 |  61.5
     Lair:1 |    3904 |    1182 |  23.2 |      18 |       2 |  10.0
     Lair:2 |    7118 |       0 |   0.0 |      34 |       0 |   0.0
     Lair:3 |    1666 |    1367 |  45.1 |       7 |       7 |  50.0
     Lair:4 |    3495 |       0 |   0.0 |      14 |       0 |   0.0
     Lair:5 |    7406 |   19957 |  72.9 |      27 |      70 |  72.2
            +---------+---------+-------+---------+---------+-------
